 Dungeon Crawl Stone Soup version 0.20-a0-738-gb057e68 (webtiles) character file.

81 esteth the Insei (level 4, -7/32 HPs)
             Began as a Merfolk Transmuter on Feb 23, 2017.
             Mangled by Ferkelamun's ghost (12 damage)
             ... on level 3 of the Dungeon.
             The game lasted 00:04:07 (2608 turns).

esteth the Insei (Merfolk Transmuter)               Turns: 2608, Time: 00:04:07

Health: -7/32      AC:  3    Str: 10    XL:     4   Next: 42%
Magic:  3/7        EV: 13    Int: 13    God:
Gold:   133        SH:  0    Dex: 14    Spells: 4/7 levels left

rFire    + . .     SeeInvis .     - Unarmed
rCold    x . .     Gourm    .   b - +0 robe
rNeg     . . .     Faith    .   (no shield)
rPois    .         Spirit   .   (no helmet)
rElec    .         Reflect  .   h - +0 cloak
rCorr    .         Harm     .   (no gloves)
MR       .....                  (no boots)
Stlth    +.........             e - amulet of rage
Regen    0.1/turn               (no ring)
MPRegen  0.1/turn               g - ring of fire

@: no status effects
A: change form in water, swift swim, stealthy swim
a: Evoke Berserk Rage


You were on level 3 of the Dungeon.
You were hungry.

You visited 1 branch of the dungeon, and saw 3 of its levels.

You collected 133 gold pieces.

Inventory:

Missiles
 a - 34 arrows (quivered)
Armour
 b - a +0 robe (worn)
 h - a +0 cloak (worn)
Jewellery
 e - an amulet of rage (around neck)
 g - a ring of fire (left hand)
Scrolls
 j - a scroll of enchant armour {unknown}
 l - a scroll of teleportation {unknown}
 m - a scroll of enchant weapon
 o - a scroll of remove curse
Potions
 f - a potion of agility {unknown}
Books
 c - a book of Changes

   Spells                             Type                      Level
   a - Beastly Appendage              Transmutation                1
   b - Sticks to Snakes               Transmutation                2
   c - Spider Form                    Transmutation/Poison         3
   d - Ice Form                       Ice/Transmutation            4
   e - Blade Hands                    Transmutation                5
Comestibles
 d - a bread ration
 i - a royal jelly
 k - 3 fruits


   Skills:
 - Level 1.1 Fighting
 - Level 2.6 Dodging
 - Level 5.0 Unarmed Combat
 - Level 2.0 Spellcasting
 + Level 4.0 Transmutations


You had 4 spell levels left.
You knew the following spells:

 Your Spells              Type           Power        Failure   Level  Hunger
a - Beastly Appendage     Tmut           ##....       6%          1    ##.....
b - Sticks to Snakes      Tmut           ##......     10%         2    ###....


Dungeon Overview and Level Annotations

Branches:
Dungeon (3/15)

Altars:
Dithmenos
Uskayaw
Yredelemnul
The Shining One

Annotations:
D:3 Ferkelamun's ghost, amateur FoFi


Message History

Your adder bites Ferkelamun's ghost but does no damage.
Your ball python bites Ferkelamun's ghost but does no damage.
Your adder barely misses Ferkelamun's ghost.
You see here a club.
Casting: Sticks to Snakes
Confirm with . or Enter, or press ? or * to list all spells.
You don't have enough magic to cast that spell.
Your adder bites Ferkelamun's ghost but does no damage.
Your ball python barely misses Ferkelamun's ghost.
You see here a quokka skeleton.
Your adder bites Ferkelamun's ghost but does no damage.
Ferkelamun's ghost closely misses your adder.
Found 9 gold pieces.
Your ball python misses Ferkelamun's ghost.
Your ball python closely misses Ferkelamun's ghost.
There is a stone staircase leading up, spattered with blood here.
Ferkelamun's ghost says very slowly, "There's no hope."
Your magical contamination has completely faded away.
Ferkelamun's ghost hits you!
You die...

#######.#.
####.@......#
#.รท).W..##..#
#.##S##.##..#
#S##.##.....
#.##.<...... #
#.##.##.##..#
#...##.##........#
..............###.#
............#.#


You could see Ferkelamun's ghost and a friendly ball python.

Vanquished Creatures
  4 adders (D:2)
  2 dart slugs
  A leopard gecko (D:1)
  2 giant cockroaches (D:2)
  2 goblins (D:1)
  5 hobgoblins
  4 jackals (D:2)
  4 kobolds
  A quokka (D:3)
  8 bats
  4 rats
  A spectral orc (D:2)
38 creatures vanquished.

Notes
Turn   | Place    | Note
-------+----------+-------------------------------------------
     0 | D:1      | esteth the Merfolk Transmuter began the quest for the Orb.
     0 | D:1      | Reached XP level 1. HP: 15/15 MP: 3/3
   348 | D:1      | Reached XP level 2. HP: 15/21 MP: 5/5
   564 | D:1      | Reached skill level 4 in Unarmed Combat
   778 | D:1      | Learned a level 2 spell: Sticks to Snakes
   943 | D:2      | Reached XP level 3. HP: 26/26 MP: 6/6
  1307 | D:2      | Reached skill level 5 in Unarmed Combat
  1813 | D:2      | Reached XP level 4. HP: 32/32 MP: 7/7
  2070 | D:2      | Found a basalt altar of Yredelemnul.
  2095 | D:2      | Found a shadowy altar of Dithmenos.
  2097 | D:2      | Found a hide-covered altar of Uskayaw.
  2185 | D:2      | Found a glowing golden altar of the Shining One.
  2258 | D:3      | Noticed Ferkelamun's ghost (amateur FoFi)
  2608 | D:3      | Mangled by Ferkelamun's ghost

Vault maps used:
D:1:      minmay_arrival_wavy_path, minmay_tripent
D:2:      yredelemnul_forgotten_temple_becter, tso_altar,
          nicolae_overflow_hidden_temple, corner_web_ring,
          minmay_item_behind_shaft
D:3:      lemuel_round_altar, portal_sewer_entry_f

Skill      XL: |  1  2  3  4 |
---------------+-------------+-----
Unarmed Combat | 4 5 |  5.0
Transmutations | 3 4 |  4.0
Fighting       | |  1.1
Dodging        | |  2.6
Spellcasting   | |  2.0

Action                   |  1- 3 |  4- 6 || total
-------------------------+-------+-------++-------
Melee: Unarmed           |   111 |    51 ||   162
       Punch             |     3 |     1 ||     4
 Cast: Sticks to Snakes  |       |     5 ||     5
  Use: Scroll            |     5 |       ||     5
       Potion            |     1 |       ||     1
 Stab: Sleeping          |     2 |     1 ||     3
  Eat: Chunk             |     3 |     2 ||     5
Armor: Robe              |    31 |    18 ||    49
Dodge: Dodged            |   103 |    35 ||   138
